 Dungeon Crawl Stone Soup version 0.28-a0-1415-g7c84da036a (webtiles) character file.

Game seed: 11429424432957755402

14732 Woods the Thaumaturge (level 12, -2/89 HPs)
             Began as a Djinni Fire Elementalist on Jan 8, 2022.
             Was a Follower of Makhleb.
             Slain by a yak (9 damage)
             ... on level 2 of the Lair of Beasts.
             The game lasted 00:32:31 (18834 turns).

Woods the Thaumaturge (Djinni Fire Elementalist)   Turns: 18834, Time: 00:32:31

Health: -2/89      AC:  9    Str:  7    XL:     12   Next: 48%
Gold:   843        EV: 14    Int: 24    God:    Makhleb [*.....] SH:  5 Dex: 15

rFire   + + .      SeeInvis .   (no weapon)
rCold   x . .      Faith    .   (no shield)
rNeg    . . .      Spirit   .   D - +0 acid dragon scales
rPois   ∞          Reflect  +   b - +0 helmet {Int+3}
rElec   .          Harm     .   f - +0 cloak
rCorr   +          Rampage  .   r - +0 pair of gloves
Will    +....                   (boots unavailable)
Stlth   +++.......              l - amulet of reflection
HPRegen 0.24/turn               h - ring of wizardry
MPRegen 0.00/turn               (no ring)

@: flying
A: sickness immunity, fire resistance 2, cold vulnerability 1, float, innate
caster, hp casting, extra vitality 1
a: Renounce Religion


You were on level 2 of the Lair of Beasts.
You worshipped Makhleb.
Makhleb was aware of your devotion.
You visited 3 branches of the dungeon, and saw 14 of its levels.
You also visited: Bailey.

You collected 843 gold pieces.

Inventory:

Missiles
 E - 2 throwing nets
Armour
 a - a +0 robe
 b - a +0 helmet of intelligence (worn)
 f - a +0 cloak (worn)
 r - a +0 pair of gloves (worn)
 D - +0 acid dragon scales (worn)
Magical Staves
 A - a staff of fire
Jewellery
 h - a ring of wizardry (left hand)
 l - an amulet of reflection (around neck)
Wands
 k - a wand of acid (27)
 s - a wand of digging (4)
 v - a wand of flame (37)
 y - a wand of charming (13)
 B - a wand of paralysis (5)
Scrolls
 d - a scroll of immolation
 e - 10 scrolls of teleportation
 g - a scroll of enchant weapon
 j - 2 scrolls of enchant armour
 p - 3 scrolls of identify
 q - a scroll of torment
 t - 2 scrolls of blinking {unknown}
 x - 2 scrolls of vulnerability {unknown}
 z - a scroll of holy word {unknown}
 C - 2 scrolls of fog {unknown}
 F - a scroll of fear {unknown}
Potions
 c - a potion of degeneration {unknown}
 i - 2 potions of lignification {unknown}
 m - 2 potions of flight {unknown}
 n - 2 potions of attraction {unknown}
 o - 2 potions of heal wounds {unknown}
 u - a potion of mutation {unknown}
 w - 5 potions of curing


   Skills:
 - Level 9.0 Fighting
 - Level 9.0 Dodging
 - Level 5.0 Stealth
 + Level 11.6 Spellcasting


You had 7 spell levels left.
You knew the following spells:

 Your Spells              Type           Power      Damage    Failure   Level
a - Foxfire               Conj/Fire      100%       2x1d9     1%          1
b - Scorch                Fire           100%       2d10      1%          2
c - Conjure Flame         Conj/Fire      62%        6-21      1%          3
d - Inner Flame           Hex/Fire       62%        N/A       1%          3
e - Flame Wave            Conj/Fire      62%        2d10      1%          4
f - Summon Small Mammal   Summ           100%       N/A       1%          1
g - Call Imp              Summ           62%        N/A       1%          2
h - Gell's Gravitas       Tloc           62%        N/A       1%          3
i - Animate Dead          Necr           31%        N/A       1%          4
j - Petrify               Tmut/Erth      62%        N/A       1%          4
Your spell library was empty.

Dungeon Overview and Level Annotations

Branches:
Dungeon (11/15)            Temple (1/1) D:4            Lair (2/6) D:10
 Shoals (0/4) Lair:2          Orc (0/2) D:11         Bailey (visited)
  Swamp: Lair:2-4     Snake: Lair:2-4    Spider: Lair:2-4

Altars:
Ashenzari
Cheibriados
Dithmenos
Elyvilon
Fedhas
Gozag
Hepliaklqana
Kikubaaqudgha
Makhleb
Nemelex Xobeh
Okawaru
Qazlal
Ru
Sif Muna
Trog
Uskayaw
Vehumet
Wu Jian
Xom
Yredelemnul
Zin
The Shining One
Beogh

Annotations:
D:4 1 runed translucent door, Vadun's ghost, novice DsGl
D:5 Edmund


Innate Abilities, Weirdness & Mutations

You are immune to sickness and miasma.
You are immune to poison.
Your flesh is very heat resistant. (rF++)
You are vulnerable to cold. (rC-)
You float through the air rather than walking.
You learn spells naturally, not from books.
Your magical power is your life essence.
You have superior vitality. (+4 MHP)


Message History

The yak is moderately wounded.
A wave of flame ripples out!
The flame wave engulfs the yak!
The yak is moderately wounded.
The flame wave engulfs the yak.
The yak is moderately wounded.
The flame wave engulfs the yak!!
The yak is heavily wounded.
You finish channelling waves of flame.
Unknown command.
Casting: Flame Wave (safe; 1% risk of failure)
Confirm with . or Enter, or press ? or * to list all spells.
Casting: Flame Wave (safe; 1% risk of failure)
Press: ? - help, Dir - look around, f - activate A wave of flame ripples out!
The flame wave engulfs the yak!
The yak is moderately wounded.
The flame wave engulfs the yak!
The yak is heavily wounded. (Press . to intensify the flame waves.)
The yak gores you! The yak completely misses you.
A wave of flame ripples out!
The flame wave engulfs the yak but does no damage.
The yak is moderately wounded.
The flame wave engulfs the yak.
The yak is heavily wounded.
The flame wave engulfs the yak!
The yak is severely wounded.
The yak gores you but does no damage. The yak closely misses you.
The yak gores you!
* * * LOW HITPOINT WARNING * * *
A wave of flame ripples out!
The flame wave engulfs the yak!
The yak is heavily wounded.
The flame wave engulfs the yak!
The yak is almost dead.
The flame wave engulfs the yak.
The yak is almost dead.
* * * LOW HITPOINT WARNING * * *
You finish channelling waves of flame.
The yak gores you!
* * * LOW HITPOINT WARNING * * *
The yak completely misses you. The yak gores you!
You die...

...#.... #.........# ........
..........# ...#....
..........# ...+ ###.......##
..... #.........# .#..... ###
####.......##
.....Y..####.####.##........#
...............Y...........##
...............Y@..........##
.#.##.###..####Y#.##.######.#
#### ### ######## ###


You could see 3 yaks.

Vanquished Creatures
  2 two-headed ogres (D:8)
  Sonja (Lair:2)
  An orc knight (Bailey)
  Pikel (D:5)
  A black mamba (Lair:2)
  A kobold demonologist (D:10)
  3 unseen horrors
  A troll (D:11)
  6 blink frogs
  Sigmund (D:5)
  A wraith (D:10)
  16 yaks
  A wyvern (D:10)
  A steam dragon (D:8)
  2 vampire mosquitoes (D:11)
  An acid dragon (D:11)
  10 water moccasins
  6 orc warriors
  A sky beast (D:8)
  2 ice beasts
  4 black bears
  6 centaurs
  5 wolves (Lair:1)
  A phantom (D:5)
  A lemure (D:5)
  12 bullfrogs
  A gnoll sergeant (D:11)
  3 scorpions
  A wyvern skeleton (D:7)
  12 killer bees
  2 water moccasin skeletons
  8 wights
  A howler monkey (D:5)
  A bullfrog zombie (D:6)
  A centaur zombie (D:6)
  A hound (D:6)
  4 orc priests
  A gnoll shaman (D:8)
  2 bullfrog skeletons (D:6)
  An iguana (D:5)
  A scorpion zombie (D:5)
  11 orc wizards
  3 killer bee zombies
  11 gnolls
  5 adders
  A white imp (D:6)
  An adder skeleton (D:4)
  5 worms
  2 dart slugs
  39 orcs
  8 ball pythons
  9 endoplasms
  6 giant cockroaches
  9 goblins
  3 hobgoblins
  4 jackals (D:1)
  5 kobolds
  7 quokkas
  3 bats
  4 frilled lizards
  8 rats
272 creatures vanquished.

Vanquished Creatures (collateral kills)
  A kobold (D:3)
  4 foxfires (D:10)
5 creatures vanquished.

Vanquished Creatures (others)
  451 foxfires
  55 fungi
  36 plants
542 creatures vanquished.

Grand Total: 819 creatures vanquished

Notes
Turn   | Place    | Note
-------+----------+-------------------------------------------
     0 | D:1      | Woods the Djinni Fire Elementalist began the quest for the
                  | Orb.
     0 | D:1      | Reached XP level 1. HP: 15/15 MP: 0/0
   596 | D:1      | Reached XP level 2. HP: 19/21 MP: 0/0
  1022 | D:1      | Found a faded altar of an unknown god.
  1069 | D:1      | Reached skill level 3 in Spellcasting
  1146 | D:1      | Reached XP level 3. HP: 21/25 MP: 0/0
  1146 | D:1      | Learned a level 1 spell: Summon Small Mammal
  2412 | D:2      | Reached XP level 4. HP: 29/31 MP: 0/0
  3496 | D:3      | Reached skill level 4 in Spellcasting
  3496 | D:3      | Reached XP level 5. HP: 29/35 MP: 0/0
  3496 | D:3      | Learned a level 2 spell: Call Imp
  4028 | D:4      | Found a staircase to the Ecumenical Temple.
  4039 | Temple   | Entered the Ecumenical Temple
  4426 | D:4      | Found a runed translucent door.
  4426 | D:4      | Noticed Vadun's ghost (novice DsGl)
  4592 | D:4      | Reached XP level 6. HP: 36/40 MP: 0/0
  4849 | D:4      | Reached skill level 5 in Spellcasting
  5383 | D:5      | Entered Level 5 of the Dungeon
  5540 | D:5      | Noticed an ice beast
  5546 | D:5      | Noticed Sigmund
  5547 | D:5      | Killed an ice beast
  5548 | D:5      | Reached XP level 7. HP: 35/45 MP: 0/0
  5548 | D:5      | Learned a level 3 spell: Gell's Gravitas
  5566 | D:5      | Killed Sigmund
  5567 | D:5      | Reached skill level 6 in Spellcasting
  5567 | D:5      | Reached skill level 1 in Fighting
  5745 | D:5      | Noticed Edmund
  5959 | D:5      | Reached XP level 8. HP: 48/54 MP: 0/0
  6061 | D:5      | Noticed Pikel
  6066 | D:5      | Killed Pikel
  6967 | D:6      | Reached skill level 5 in Dodging
  7456 | D:6      | Reached XP level 9. HP: 57/63 MP: 0/0
  7456 | D:6      | Learned a level 4 spell: Animate Dead
  7980 | D:6      | Reached skill level 5 in Fighting
  7980 | D:6      | Reached skill level 5 in Stealth
  8714 | D:8      | Reached skill level 7 in Spellcasting
  9560 | D:8      | Reached skill level 8 in Spellcasting
  9560 | D:8      | Reached XP level 10. HP: 65/70 MP: 0/0
  9869 | D:8      | Found a burning altar of Makhleb.
 10210 | D:8      | Noticed a two-headed ogre
 10223 | D:8      | Killed a two-headed ogre
 10224 | D:8      | Reached skill level 9 in Spellcasting
 10424 | D:8      | Noticed a two-headed ogre
 10433 | D:8      | Killed a two-headed ogre
 10704 | D:9      | Killed an unseen horror
 11223 | D:9      | Found a flagged portal.
 11285 | Bailey   | Entered a bailey
 11625 | Bailey   | Noticed an orc knight
 11640 | Bailey   | HP: 3/73 [orc knight (30)]
 12102 | Bailey   | Killed an orc knight
 12341 | Bailey   | Reached XP level 11. HP: 55/79 MP: 0/0
 12341 | Bailey   | Learned a level 4 spell: Petrify
 12684 | D:10     | Entered Level 10 of the Dungeon
 13150 | D:10     | Found a staircase to the Lair.
 14228 | Lair:1   | Entered Level 1 of the Lair of Beasts
 14596 | D:8      | Became a worshipper of Makhleb the Destroyer
 15066 | D:11     | Found a staircase to the Orcish Mines.
 16003 | D:11     | Noticed a phantasmal warrior
 16010 | D:11     | Noticed a death knight
 16350 | Lair:1   | Reached * piety under Makhleb
 16651 | Lair:1   | Reached skill level 10 in Spellcasting
 16658 | Lair:1   | Reached XP level 12. HP: 38/89 MP: 0/0
 17997 | Lair:2   | Found a staircase to the Shoals.
 18026 | Lair:2   | Reached skill level 11 in Spellcasting
 18218 | Lair:2   | Noticed Sonja
 18226 | Lair:2   | Killed Sonja
 18834 | Lair:2   | Slain by a yak

Illustrated notes

Levels and vault maps discovered:
D:1:      heliophobic_arrival_ceremonial_halls, layout_rooms,
          hellmonk_ecumenical_altar_pennies_from_heaven, serial_rivers,
          chequers_serial_rivers_micro_a, chequers_serial_rivers_micro_c,
          chequers_serial_rivers_micro_a, chequers_serial_rivers_large_a,
          hangedman_decor_growths
D:2:      layout_basic, nrook_campfire
D:3:      layout_rooms
D:4:      layout_rooms, temple_statues, hellmonk_ghost_happy_afterlife
D:5:      layout_basic, minmay_misc_feat_x, sigmund_edmund_badplayer,
          uniq_sigmund, uniq_pikel, uniq_edmund
D:6:      layout_loops_corners, hellmonk_bongcloud_opening
D:7:      layout_basic, patterned_corridor, uniq_duvessa
D:8:      layout_basic, nicolae_overflow_crystal_walls
D:9:      layout_roguey, serial_rivers, chequers_serial_rivers_micro_e,
          chequers_serial_rivers_micro_c, chequers_serial_rivers_micro_a,
          chequers_serial_rivers_micro_e, enter_bailey_3, hangedman_decor_push
D:10:     layout_long_grid, due_lair_maze_entry_diamond
D:11:     layout_rooms, minmay_orc_entry_temple_small, minmay_st_funbox,
          minmay_misc_feat_ornament
Temple:   roderic_octagonal_lattice_temple
Lair:1:   layout_roguey
Lair:2:   layout_chaotic_city, elwin_shoals_entry_rocks,
          nicolae_spider_entry_non_spiders, infiniplex_staircase_pool,
          uniq_sonja

Skill      XL: |  1  2  3  4  5  6  7  8  9 10 11 12 |
---------------+-------------------------------------+-----
Spellcasting   | 3 4 5 6 8 9 10 11 | 11.6
Fighting       | 2 4 5 7 9 |  9.0
Stealth        | 2 4 5 |  5.0
Dodging        | 3 5 7 9 |  9.0

Action                   |  1- 3 |  4- 6 |  7- 9 | 10-12 || total
-------------------------+-------+-------+-------+-------++-------
Melee: Unarmed           |     3 |       |       |       ||     3
 Cast: Foxfire           |    70 |    26 |    55 |   115 ||   266
       Scorch            |     6 |    58 |    73 |   218 ||   355
       Conjure Flame     |       |     1 |     4 |    14 ||    19
       Call Imp          |       |     1 |       |       ||     1
       Flame Wave        |       |       |     3 |    20 ||    23
       Animate Dead      |       |       |       |     1 ||     1
       Inner Flame       |       |       |       |     1 ||     1
  Use: Scroll            |       |       |     2 |     8 ||    10
Armor: Robe              |    11 |     5 |     5 |     8 ||    29
       Acid dragon scale |       |       |       |    12 ||    12
Dodge: Dodged            |    18 |    14 |    31 |   112 ||   175
Block: Other             |       |       |     5 |    27 ||    32
       Reflection        |       |       |     2 |     4 ||     6

Table legend: (Time is in decaauts)
 A = Elapsed time spent in this place.
 B = Non-inter-level travel time spent in this place.
 C = Inter-level travel time spent in this place.
 D = Time resting spent in this place.
 E = Time spent auto-exploring this place.
 F = Levels seen in this place.
 G = Mean time per level.
                   A        B        C        D        E       F      G
               +--------+--------+--------+--------+--------+-----+--------+
         Total |  18851 |  18127 |    724 |   6087 |   9794 |  15 | 1256.7 |
       Dungeon |  14748 |  14033 |    715 |   4571 |   7842 |  11 | 1340.7 |
        Temple |    322 |    318 |      4 |      0 |    275 |   1 |  322.0 |
          Lair |   2568 |   2563 |      5 |    852 |   1443 |   2 | 1284.0 |
        Bailey |   1212 |   1212 |      0 |    664 |    234 |   1 | 1212.0 |
               +--------+--------+--------+--------+--------+-----+--------+

Top non-repeatable levels by time:
    D:10: 2511 daAuts
     D:2: 1568 daAuts
     D:6: 1557 daAuts
     D:1: 1549 daAuts
     D:8: 1514 daAuts
  Lair:1: 1321 daAuts
     D:5: 1300 daAuts
  Lair:2: 1246 daAuts
     D:3: 1223 daAuts
  Bailey: 1212 daAuts
    D:11: 1000 daAuts
     D:7: 930 daAuts
     D:9: 859 daAuts
     D:4: 732 daAuts
  Temple: 322 daAuts
